 Dungeon Crawl Stone Soup version 0.32-a0-747-gc8563f6773 (webtiles) character file.

Game seed: 5879716291238492807

186 dialectric the Charlatan (level 5, -7/39 HPs)
             Began as a Coglin Artificer on Mar 18, 2024.
             Was an Initiate of Nemelex Xobeh.
             Mangled by an ice beast (11 damage)
             ... on level 5 of the Dungeon.
             The game lasted 00:03:36 (2665 turns).

dialectric the Charlatan (Coglin Artificer)         Turns: 2665, Time: 00:03:37

Health: -7/39      AC:  3    Str: 14    XL:     5   Next: 66%
Magic:  5/5        EV: 11    Int: 10    God:    Nemelex Xobeh [......]
Gold:   90         SH:  0    Dex: 15    Spells: 4/4 levels left

rFire   . . .        m - +0 short sword {Xochitl}
rCold   . . .        f - +1 dagger {Jaspreet}
rNeg    . . .        b - +0 leather armour
rPois   .            (no helmet)
rElec   .            (no cloak)
rCorr   .            (no gloves)
SInv    .            (no boots)
Will    .....        (amulet unavailable)
Stlth   ++           (ring unavailable)
HPRegen 0.26/turn    (ring unavailable)
MPRegen 0.09/turn    (no gizmo)

%: no passive effects
@: revving
A: off-hand wielding, slow wielding, warmup strikes, no jewellery
a: Invent Gizmo, Renounce Religion, Draw Escape, Draw Destruction, Draw
Summoning


You were on level 5 of the Dungeon.
You worshipped Nemelex Xobeh.
Nemelex Xobeh was noncommittal.
You visited 1 branch of the dungeon, and saw 5 of its levels.

You collected 90 gold pieces.

Inventory:

Hand Weapons
 a - a +0 club {Surin}
 f - a +1 dagger (offhand) {Jaspreet}
 m - a +0 short sword (weapon) {Xochitl}
Missiles
 u - 4 poisoned darts
Armour
 b - a +0 leather armour (worn)
 k - a +0 plate armour
Magical Staves
 n - the staff "Ovvis" {^Fragile rElec Dex+3 Conj Ice}
   (You found it on level 2 of the Dungeon)

   [staff of conjuration]

   Base accuracy: +5 Base damage: 5 Base attack delay: 1.2 This weapon's minimum
   attack delay (0.6) is reached at skill level 12.
   Dex+3:     It affects your dexterity (+3).
   rElec:     It insulates you from electricity.
   ^Fragile:  It will be destroyed if unequipped.
   Conj:      It increases the power of your Conjurations spells.
   Ice:       It increases the power of your Ice spells.
   It falls into the 'Staves' category.
   It is a one-graspered weapon.
Wands
 c - a wand of flame (14) (quivered)
 d - a wand of charming (10)
 e - a wand of iceblast (5)
 q - a wand of light (9)
Scrolls
 g - 5 scrolls of identify {unknown}
 i - 3 scrolls of immolation {unknown}
 j - a scroll of silence {unknown}
 l - a scroll of blinking {unknown}
 s - a scroll of poison {unknown}
Potions
 h - a potion of mutation {unknown}
 o - a potion of heal wounds {unknown}
 p - a potion of lignification {unknown}
 r - 2 potions of invisibility {unknown}
 t - a potion of curing {unknown}


   Skills:
 + Level 2.5 Fighting
 + Level 1.0 Short Blades
 + Level 2.7 Armour
 + Level 2.6 Dodging
 + Level 2.1 Stealth
 - Level 4.0 Evocations


You had 4 spell levels left.
You didn't know any spells.
Your spell library contained the following spells:

 Spells                   Type           Power      Damage    Failure   Level
 Ensorcelled Hibernation  Hex/Ice        0%         N/A       56%         2
 Scorch                   Fire           0%         2d5       56%         2
 Passwall                 Erth           0%         N/A       80%         3
 Swiftness                Air            0%         N/A       80%         3
 Flame Wave               Conj/Fire      0%         2d4       99%         4
 Summon Cactus Giant      Summ           0%         N/A       100%        6


Dungeon Overview and Level Annotations

Branches:
Dungeon (5/15)
 Temple: D:4-7

Altars:
Gozag
Kikubaaqudgha
Nemelex Xobeh


Innate Abilities, Weirdness & Mutations

You can wield a second weapon in your off-hand.
It takes a long time for you to wield or remove held weapons.
Your first few attacks do less damage.
You cannot equip rings or amulets.


Message History

Found a rapier.
Your ice beast hits the orc but does no damage.
Your ice beast hits the orc but does no damage.
The orc hits your ice beast but does no damage.
Your ice beast hits the orc.
Your ice beast freezes the orc!
The orc dies!
You open the door.
Found a sparkling altar of Nemelex Xobeh.
There is an open door here.
There is a sparkling altar of Nemelex Xobeh here.
You kneel at the altar of Nemelex Xobeh.
Nemelex Xobeh welcomes you!
You can now draw from decks of power.
You swap places.
You open the door.
There is an open door here.
The ice beast is no longer charmed.
The ice beast attacks as it pursues you!
The ice beast hits you. The ice beast freezes you!
You hit the ice beast with your +1 dagger.
The ice beast is lightly wounded.
You barely miss the ice beast with your +0 short sword.
Unknown command.
You barely miss the ice beast with your +0 short sword.
The ice beast is lightly wounded.
You hit the ice beast but do no damage. The ice beast hits you.
The ice beast freezes you!
* * * LOW HITPOINT WARNING * * *
You barely miss the ice beast with your +1 dagger.
The ice beast is lightly wounded.
You hit the ice beast with your +0 short sword.
The ice beast barely misses you.
You hit the ice beast with your +0 short sword.
The ice beast is lightly wounded.
You completely miss the ice beast with your +1 dagger.
The ice beast hits you.
* * * LOW HITPOINT WARNING * * *
The ice beast freezes you!
You die...
Your body disappears without a glow.

#..........#
#..........# ....
#.>........# ...#
#..........## ...#
#)..........## ...#
#.........#..## ...#
#........###..##...#
######..#'#'#.....#
#..###.###Y@#.# #.#
#._.###.# #. ##.##
..# ## ### ..## ...
.... ....# #####


You could see an ice beast.

Vanquished Creatures
  An orc priest (D:2)
  7 adders
  2 ribbon worms (D:2)
  A dart slug (D:1)
  2 orcs (D:2)
  4 ball pythons
  5 bats
  3 endoplasms
  2 giant cockroaches (D:3)
  7 goblins
  7 hobgoblins
  A jackal (D:1)
  2 quokkas
  A frilled lizard (D:1)
  2 kobolds
  2 rats
49 creatures vanquished.

Vanquished Creatures (collateral kills)
  An iguana (D:4)
  3 orcs
  A giant cockroach (D:4)
  2 hobgoblins
7 creatures vanquished.

Vanquished Creatures (others)
  An orc (D:2)
1 creature vanquished.

Grand Total: 57 creatures vanquished

Notes
Turn   | Place    | Note
-------+----------+-------------------------------------------
     0 | D:1      | dialectric the Coglin Artificer began the quest for the
                  | Orb.
     0 | D:1      | Reached XP level 1. HP: 15/15 MP: 1/1
    91 | D:1      | Reached skill level 1 in Dodging
   168 | D:1      | Reached skill level 1 in Stealth
   174 | D:1      | Reached XP level 2. HP: 13/21 MP: 2/2
   401 | D:1      | You fall into a shaft and drop 1 floor!
   460 | D:2      | Reached XP level 3. HP: 15/26 MP: 3/3
   755 | D:2      | Identified the staff "Ovvis" {^Fragile rElec Dex+3 Conj
                  | Ice}
   918 | D:2      | Reached XP level 4. HP: 26/33 MP: 4/4
  1856 | D:2      | Reached XP level 5. HP: 8/38 MP: 5/5
  2313 | D:3      | Found an opulent altar of Gozag.
  2331 | D:3      | Found an ancient bone altar of Kikubaaqudgha.
  2629 | D:4      | Reached skill level 1 in Short Blades
  2632 | D:5      | Entered Level 5 of the Dungeon
  2632 | D:5      | Noticed an ice beast
  2650 | D:5      | Found a sparkling altar of Nemelex Xobeh.
  2654 | D:5      | Became a worshipper of Nemelex Xobeh the Trickster
  2665 | D:5      | Mangled by an ice beast

Illustrated notes

Levels and vault maps discovered:
D:1:      amcnicky_arrival_blooded_trapdoor, layout_loops_ring,
          minmay_hedge_maze, minmay_tromino_v7
D:2:      layout_basic
D:3:      layout_rooms, mainiacjoe_overflow_big_doors
D:4:      layout_cave_pools, mainiacjoe_overflow_concentric_impassable,
          ashenzari_altar_1, minmay_temple_entry_nine_rooms, serial_shops, shop,
          minmay_manual_moon
D:5:      layout_basic, nemelex_diamond_rough_becter

Skill      XL: |  1  2  3  4  5 |
---------------+----------------+-----
Dodging        | 1 2 |  2.6
Stealth        | 1 2 |  2.1
Armour         | 2 |  2.7
Fighting       | 2 |  2.5
Short Blades   | 1 |  1.0
Evocations     | |  4.0

Action                     |  1- 3 |  4- 6 || total
---------------------------+-------+-------++-------
  Melee: Dagger            |    69 |   100 ||   169
         Club              |    54 |       ||    54
         Short sword       |     8 |   101 ||   109
  Evoke: Wand              |       |     6 ||     6
    Use: Scroll            |       |     1 ||     1
 Armour: Leather armour    |    68 |    66 ||   134
  Dodge: Dodged            |    44 |    75 ||   119

Table legend: (Time is in decaauts)
 A = Elapsed time spent in this place.
 B = Non-inter-level travel time spent in this place.
 C = Inter-level travel time spent in this place.
 D = Time resting spent in this place.
 E = Time spent auto-exploring this place.
 F = Levels seen in this place.
 G = Mean time per level.
                   A        B        C        D        E       F      G
               +--------+--------+--------+--------+--------+-----+--------+
         Total |   2671 |   2641 |     30 |    221 |   1808 |   5 |  534.2 |
       Dungeon |   2671 |   2641 |     30 |    221 |   1808 |   5 |  534.2 |
               +--------+--------+--------+--------+--------+-----+--------+

Top non-repeatable levels by time:
     D:2: 1577 daAuts
     D:3: 479 daAuts
     D:1: 405 daAuts
     D:4: 176 daAuts
     D:5: 32 daAuts
